 Dungeon Crawl Stone Soup version 0.26.1-11-gd32895ea62 (webtiles) character file.

Game seed: 2153038345022537851

114 Zeld the Sneak (level 4, -1/29 HPs)
             Began as an Octopode Brigand on May 14, 2021.
             Slain by an orc
             ... wielding a +0 mace
              (9 damage)
             ... on level 3 of the Dungeon.
             The game lasted 00:04:12 (2066 turns).

Zeld the Sneak (Octopode Brigand)                   Turns: 2066, Time: 00:04:12

Health: -1/29      AC:  1    Str: 11    XL:     4   Next: 97%
Magic:  7/7        EV: 13    Int: 13    God:
Gold:   51         SH:  0    Dex: 13    Spells: 7/7 levels left

rFire    . . .     SeeInvis .   a - +2 dagger
rCold    . . .     Faith    .   (no shield)
rNeg     . . .     Spirit   .   (helmet restricted)
rPois    .         Reflect  .   (no amulet)
rElec    .         Harm     .   (no ring)
rCorr    .         Rampage  .   (no ring)
Will     .....                  (no ring)
Stlth    ++++......             (no ring)
HPRegen  0.09/turn              (no ring)
MPRegen  0.10/turn              (no ring)
                                (no ring)
                                (no ring)

@: no status effects
A: almost no armour, stealthy swim, amphibious, 8 rings, constrict 8, camouflage
1, gelatinous body 1
a: no special abilities


You were on level 3 of the Dungeon.
You visited 1 branch of the dungeon, and saw 4 of its levels.

You collected 51 gold pieces.

Inventory:

Hand Weapons
 a - a +2 dagger (weapon)
Missiles
 b - 34 poisoned darts (quivered)
 c - 2 curare-tipped darts
Jewellery
 i - an uncursed ring of wizardry {unknown}
Scrolls
 d - 2 scrolls of fear {unknown}
 e - 4 scrolls of identify {unknown}
 f - a scroll of immolation {unknown}
 m - a scroll of fog {unknown}
Potions
 g - a potion of mutation {unknown}
 h - a potion of lignification {unknown}
 j - a potion of flight {unknown}
 k - a potion of attraction {unknown}
 l - a potion of curing {unknown}
 n - a potion of invisibility {unknown}


   Skills:
 - Level 2.0 Fighting
 * Level 4.2 Short Blades
 - Level 2.0 Throwing
 - Level 1.0 Dodging
 - Level 5.3 Stealth
 + Level 2.1 Spellcasting


You had 7 spell levels left.
You didn't know any spells.
Your spell library was empty.

Dungeon Overview and Level Annotations

Branches:
Dungeon (4/15)
 Temple: D:4-7

Altars:


Innate Abilities, Weirdness & Mutations

You cannot wear most types of armour.
You are very stealthy in the water. (Stealth+)
You are amphibious.
You can wear up to eight rings at the same time.
You can use your tentacles to constrict eight enemies at once.
Your skin changes colour to match your surroundings (Stealth+).
Your rubbery body absorbs attacks. (AC +1, EV +1)


Message History

Press: ? - help, v - describe, . - travel
Here: an orc, wielding a -1 hand axe and wearing a +0 leather armour The floor.
The orc hits you with a +0 mace.
Unknown command.
You hit the orc but do no damage. You grab the orc.
You constrict the orc, but do no damage.
The orc hits you with a +0 mace.
* * * LOW HITPOINT WARNING * * *
You hit the orc but do no damage.
You constrict the orc, but do no damage.
The orc barely misses you.
You hit the orc.
The orc is moderately wounded.
You constrict the orc, but do no damage.
You hit the orc but do no damage. You squeeze the orc, but do no damage.
The orc is moderately wounded.
You constrict the orc, but do no damage.
The orc hits you with a +0 mace!
You die...

#..)..........
#.###...######
#..[#
####).######
#....>go.g.#
###....###.#
##.#.# #.#
###.# #g####.#
..# #oo@...#
### #####..#
.# #


You could see 2 orcs and a goblin.

Vanquished Creatures
  A hound skeleton (D:4)
  A gnoll (D:1)
  3 adders (D:2)
  3 worms
  A dart slug (D:2)
  2 leopard geckos (D:1)
  5 orcs
  A ball python (D:3)
  7 bats
  6 giant cockroaches
  2 goblins
  6 hobgoblins
  4 frilled lizards
  5 kobolds
  2 rats
49 creatures vanquished.

Notes
Turn   | Place    | Note
-------+----------+-------------------------------------------
     0 | D:1      | Zeld the Octopode Brigand began the quest for the Orb.
     0 | D:1      | Reached XP level 1. HP: 14/14 MP: 1/1
   277 | D:1      | Reached XP level 2. HP: 19/19 MP: 2/2
   495 | D:1      | Reached skill level 1 in Spellcasting
   503 | D:1      | Reached XP level 3. HP: 24/24 MP: 4/4
   794 | D:2      | Reached XP level 4. HP: 27/29 MP: 6/6
  1835 | D:3      | You fall into a shaft and drop 1 floor!
  2066 | D:3      | Slain by an orc

Illustrated notes

Levels and vault maps discovered:
D:1:      dpeg_arrival_lava_altar, layout_loops_ring
D:2:      layout_basic
D:3:      layout_basic
D:4:      layout_basic

Skill      XL: |  1  2  3  4 |
---------------+-------------+-----
Spellcasting   | 1 2 |  2.1
Short Blades   | 3 4 |  4.2
Fighting       | |  2.0
Throwing       | |  2.0
Dodging        | |  1.0
Stealth        | |  5.3

Action                   |  1- 3 |  4- 6 || total
-------------------------+-------+-------++-------
Melee: Dagger            |    37 |    53 ||    90
       Constrict         |     8 |    13 ||    21
       Tentacles         |     6 |     8 ||    14
 Stab: Sleeping          |    13 |    11 ||    24
Armor: Skin              |     2 |     2 ||     4
Dodge: Dodged            |    16 |    26 ||    42
